[Event "December 12 Late 2023"]
[Site "https://www.chess.com"]
[Date "2023.12.12"]
[Round "6"]
[White "Thomforde-Toates, Noah"]
[Black "Tari, Aryan"]
[Result "0-1"]
[Board "28"]
[TimeControl "180+1"]
[WhiteFideId "30951992"]
[BlackFideId "1510045"]
[WhiteElo "2692"]
[BlackElo "2863"]
[WhiteTeam "USA"]
[BlackTeam "NOR"]
[WhiteClock "0:00:08"]
[BlackClock "0:00:14"]

1. d4 Nf6 2. Nc3 d5 3. Bf4 g6 4. e3 Bg7 5. h4 h5 6. Nf3 O-O 7. Ne5 c5 8. dxc5 Qa5 9. Qd2 Qxc5 10. Be2 Nc6 11. Rd1 a6 12. Bf3 Rd8 13. O-O Bf5 14. Nxc6 bxc6 15. Be5 Qb6 16. Na4 Qb5 17. b3 Ne4 18. Bxe4 Bxe5 19. Bxf5 gxf5 20. f4 Bf6 21. Qf2 e6 22. Qf3 Kg7 23. Rc1 Qb4 24. c4 Rh8 25. cxd5 cxd5 26. Rc7 Raf8 27. Rfc1 Kh6 28. Nc5 Bb2 29. Nd3 Qd2 30. Nxb2 Qxb2 31. R1c2 Qa1+ 32. Kh2 Rhg8 33. Qf2 Rg4 34. Rd7 Qf6 35. g3 Rfg8 36. Rcc7 R8g7 37. Rc8 Kh7 38. Rdd8 Kg6 39. Rh8 Qa1 40. Qe2 a5 41. Rce8 Kf6 42. Rh6+ R7g6 43. Rxg6+ Kxg6 44. Rg8+ Kh6 45. Rxg4 hxg4 46. Qc2 Kh5 47. a4 Qe1 48. Qc8 Qf2+ 49. Kh1 Qf1+ 50. Kh2 Qh3+ 51. Kg1 Qxg3+ 52. Kf1 Qf3+ 53. Ke1 Qxe3+ 54. Kd1 Qxb3+ 55. Kd2 Qb2+ 56. Kd3 Qa3+ 57. Kd2 Qb4+ 58. Kd1 Qxf4 59. Qh8+ Qh6 60. Qg8 Kxh4 61. Qxf7 g3 62. Qe7+ Kg4 63. Qc5 g2 64. Ke2 Kh3 65. Qc3+ Kh2 66. Qe5+ f4 0-1

[Event "December 12 Late 2023"]
[Site "https://www.chess.com"]
[Date "2023.12.12"]
[Round "6"]
[White "Kamsky, Gata"]
[Black "Gubajdullin, Alexei"]
[Result "1/2-1/2"]
[Board "29"]
[TimeControl "180+1"]
[WhiteFideId "2000024"]
[BlackFideId "4141202"]
[WhiteElo "2863"]
[BlackElo "2634"]
[WhiteTeam "USA"]
[BlackTeam "RUS"]
[WhiteClock "0:00:50"]
[BlackClock "0:00:42"]

1. e4 e5 2. Nf3 Nf6 3. Nxe5 d6 4. Nf3 Nxe4 5. Qe2 Qe7 6. d3 Nf6 7. Nc3 Qxe2+ 8. Bxe2 c6 9. Bf4 Na6 10. h3 Nc7 11. O-O-O Ne6 12. Bh2 Be7 13. Rhe1 Bd7 14. d4 d5 15. Bd3 O-O 16. Ne5 Bc8 17. Ne2 Ne8 18. c3 Bh4 19. Bg3 Bxg3 20. fxg3 Nd6 21. g4 f6 22. Nf3 Re8 23. b3 Bd7 24. c4 Nc7 25. Nc3 Rxe1 26. Rxe1 Re8 27. Rxe8+ Bxe8 28. c5 Nc8 29. Kd2 Ne7 30. b4 Bg6 31. a4 Bxd3 32. Kxd3 Ng6 33. g3 a6 34. Nd2 Nf8 35. Nb3 Nfe6 36. Na5 Nd8 37. Nb3 Kf7 38. Ke3 Kg6 39. Ne2 Kf7 40. Na5 Ke7 41. Kd3 Kf7 42. Nf4 Ke7 43. Ng2 Kf7 44. Ne3 g6 45. Ng2 Nce6 46. h4 Ng7 47. Ne3 h5 48. gxh5 Nxh5 49. g4 Nf4+ 50. Kd2 Nfe6 51. Kd3 Nf4+ 52. Kd2 Nfe6 53. Kd3 Nf4+ 1/2-1/2

[Event "December 12 Late 2023"]
[Site "https://www.chess.com"]
[Date "2023.12.12"]
[Round "6"]
[White "Boyer, Mahel"]
[Black "Kazakouski, Valery"]
[Result "0-1"]
[Board "30"]
[TimeControl "180+1"]
[WhiteFideId "45102422"]
[BlackFideId "13507443"]
[WhiteElo "2621"]
[BlackElo "2822"]
[WhiteTeam "FRA"]
[BlackTeam "LTU"]
[WhiteClock "0:00:00"]
[BlackClock "0:00:13"]

1. e4 c5 2. d3 Nc6 3. g3 g6 4. Bg2 Bg7 5. f4 d6 6. Nf3 b5 7. O-O e6 8. c3 Nge7 9. d4 cxd4 10. cxd4 Qb6 11. Be3 d5 12. e5 b4 13. Nbd2 Nf5 14. Bf2 Ba6 15. Re1 Na5 16. Nb3 Nxb3 17. axb3 O-O 18. g4 Ne7 19. Bh4 Nc6 20. Bf6 Bb5 21. Qd2 Rfc8 22. Bxg7 Kxg7 23. f5 h6 24. f6+ Kh7 25. Rec1 Rc7 26. h4 Rac8 27. Kh1 a5 28. Rc5 Na7 29. Rxc7 Qxc7 30. h5 g5 31. Nxg5+ hxg5 32. Qxg5 Rg8 33. Rc1 Nc6 34. Qf4 Qb6 35. Rc5 Be2 36. g5 Bxh5 37. Qh4 Kg6 38. Bf1 Nxe5 39. dxe5 Bf3+ 40. Kh2 Qxc5 41. Bd3+ Be4 42. Bxe4+ dxe4 43. Qxe4+ Kxg5 44. Qg2+ Kf5 45. Qxg8 Qxe5+ 46. Kh1 Qxf6 47. Qa8 Qe5 48. Qf3+ Kg6 49. Qd3+ Kf6 50. Qd8+ Kg7 51. Kg2 Qd5+ 52. Kg1 Qxd8 0-1

[Event "December 12 Late 2023"]
[Site "https://www.chess.com"]
[Date "2023.12.12"]
[Round "6"]
[White "Yuan, Qingyu"]
[Black "Dragomirescu, Robin-Alexandru"]
[Result "1/2-1/2"]
[Board "31"]
[TimeControl "180+1"]
[WhiteFideId "8609772"]
[BlackFideId "1213849"]
[WhiteElo "2786"]
[BlackElo "2575"]
[WhiteTeam "CHN"]
[BlackTeam "ROU"]
[WhiteClock "0:00:08"]
[BlackClock "0:00:17"]

1. e4 g6 2. d4 Nf6 3. Bd3 d6 4. Nf3 Bg7 5. O-O O-O 6. Re1 Nc6 7. c3 e5 8. Nbd2 Nh5 9. Nf1 exd4 10. cxd4 Nxd4 11. Nxd4 Bxd4 12. Ne3 Bg7 13. Nf5 Bxf5 14. exf5 Re8 15. Bd2 Rxe1+ 16. Qxe1 Qd7 17. Qc1 Re8 18. h3 c6 19. Qc2 d5 20. Rc1 Qd6 21. Be3 d4 22. Bd2 Nf4 23. Bxf4 Qxf4 24. fxg6 hxg6 25. Rd1 Re5 26. Qc1 Qh4 27. Re1 Rg5 28. Kf1 Re5 29. Rxe5 Bxe5 30. Qd2 Qf6 31. Kg1 Qd6 32. b3 b5 33. g3 a6 34. Kg2 c5 35. Qe2 Kg7 36. h4 Bf6 37. Qe4 Qe5 38. Qc6 b4 39. Bxa6 Qf5 40. Qf3 Qxf3+ 41. Kxf3 Be7 42. Ke4 Bf8 43. Ke5 Be7 44. Bc4 Bf8 45. g4 Be7 46. h5 gxh5 47. gxh5 Bf8 48. Be2 Be7 49. Kd5 Bf8 50. Kc6 Be7 51. Kd7 Bg5 52. Kd6 Bh4 53. Kxc5 Be7+ 54. Kxd4 Kh6 55. Kd5 Kg7 56. Bg4 Bf8 57. Kc6 Be7 58. Kd7 Bc5 59. f3 Bf8 60. Kc6 Be7 61. Kd5 Bf8 62. Kc4 Be7 63. Kd3 Kf6 64. Ke4 Bf8 65. Bd7 Be7 66. Be8 Kg7 67. Kf5 Bf8 68. Bb5 Be7 69. Bc4 Bf8 70. h6+ Kxh6 71. Bxf7 Kg7 72. Bd5 Bd6 73. Ke6 Bc5 74. Kf5 Kf8 75. Kf6 Bd4+ 76. Kg6 Bc3 77. f4 Ke7 78. f5 Bd4 79. Bc4 Bc3 80. Kg5 Bd4 81. Kf4 Kf6 82. Ke4 Bc3 83. Be6 Be1 84. Kd3 Bg3 85. Kc4 Bd6 86. Kd3 Be7 87. Kc2 Bd6 88. Kc1 Be7 89. Kb1 Bd6 90. Kb2 Be7 91. Kc2 Bd6 92. Kd3 Be7 93. Kc4 Bd6 94. Kb5 Be7 95. Kc6 Bf8 96. Kd5 Be7 97. Ke4 Bf8 98. Bc4 Be7 99. Bd3 Bf8 100. Kd5 Be7 101. Bb1 Bf8 102. Kc4 Be7 103. a4 bxa3 104. b4 Bxb4 105. Kxb4 a2 106. Bxa2 Kxf5 1/2-1/2

[Event "December 12 Late 2023"]
[Site "https://www.chess.com"]
[Date "2023.12.12"]
[Round "6"]
[White "Wieczorek, Oskar"]
[Black "Silva Lucena, Cristian"]
[Result "1-0"]
[Board "32"]
[TimeControl "180+1"]
[WhiteFideId "1133950"]
[BlackFideId "2232588"]
[WhiteElo "2771"]
[BlackElo "2553"]
[WhiteTeam "POL"]
[BlackTeam "ESP"]
[WhiteClock "0:00:18"]
[BlackClock "0:00:05"]

1. e4 e5 2. Nf3 Nf6 3. Nc3 Nc6 4. h3 Bc5 5. Nxe5 Nxe5 6. d4 Bxd4 7. Qxd4 d6 8. Bg5 h6 9. Bh4 g5 10. Bg3 Nc6 11. Qd2 Qe7 12. O-O-O Be6 13. h4 g4 14. h5 Nd7 15. f4 gxf3 16. gxf3 O-O-O 17. Bh4 f6 18. Nd5 Bxd5 19. exd5 Nce5 20. Qf2 Nb6 21. Bh3+ Kb8 22. f4 Nec4 23. Rhe1 Qf7 24. b3 Na5 25. Be6 Qxh5 26. Bxf6 Na8 27. Qd2 b6 28. Rh1 Qg6 29. Qc3 Rhf8 30. Bxd8 Rxd8 31. f5 Qg2 32. Rxh6 Nb7 33. Rh8 Qg5+ 34. Kb1 b5 35. Rxd8+ Qxd8 36. f6 Nb6 37. f7 Nc5 38. Qg7 1-0

[Event "December 12 Late 2023"]
[Site "https://www.chess.com"]
[Date "2023.12.12"]
[Round "6"]
[White "Postny, Evgeny"]
[Black "Sanchez Enriquez, Oscar Gerardo"]
[Result "1-0"]
[Board "33"]
[TimeControl "180+1"]
[WhiteFideId "2804344"]
[BlackFideId "5106311"]
[WhiteElo "2762"]
[BlackElo "2526"]
[WhiteTeam "ISR"]
[BlackTeam "MEX"]
[WhiteClock "0:00:06"]
[BlackClock "0:00:04"]

1. e4 d6 2. d4 Nf6 3. Nc3 g6 4. f3 c6 5. Be3 Nbd7 6. Qd2 Qa5 7. O-O-O b5 8. Kb1 Nb6 9. Bd3 Rb8 10. Nce2 Qxd2 11. Rxd2 Nc4 12. Bxc4 bxc4 13. Nc3 d5 14. Bf4 Rb7 15. Be5 Be6 16. Nge2 Bh6 17. Bf4 Bg7 18. Be5 Bh6 19. Rdd1 O-O 20. Nf4 Nd7 21. exd5 cxd5 22. Nfxd5 Nxe5 23. dxe5 Rfb8 24. b3 a5 25. Na4 Rc8 26. Kb2 Bg7 27. Rhe1 g5 28. g3 h5 29. f4 Bg4 30. Rd4 cxb3 31. axb3 Kh7 32. c4 e6 33. Ndb6 Rc6 34. c5 Kg6 35. Rc1 gxf4 36. gxf4 Kf5 37. Nc4 Kg6 38. Nd6 Rbc7 39. Rg1 Kh7 40. Ne8 Bh8 41. Nxc7 Rxc7 42. Ka3 f6 43. Re1 Kg6 44. Rd8 Bg7 45. b4 axb4+ 46. Kxb4 fxe5 47. fxe5 Kf5 48. Kb5 Bxe5 49. Rf8+ Kg5 50. Rxe5+ Kh4 51. Re3 Rb7+ 52. Nb6 Ra7 53. c6 Ra1 54. c7 Rb1+ 55. Kc6 e5 56. Re4 Rc1+ 57. Kb7 Kh3 58. Rxg4 hxg4 59. Rh8+ Kg2 60. c8=Q Rxc8 61. Kxc8 e4 62. Nc4 Kf3 63. Ne5+ Kf4 64. Nxg4 Kxg4 65. Re8 Kf3 66. h4 Kf4 67. h5 Kg5 68. Rxe4 Kf5 69. Re1 1-0

[Event "December 12 Late 2023"]
[Site "https://www.chess.com"]
[Date "2023.12.12"]
[Round "6"]
[White "Marin Posada, Sebastian"]
[Black "Onyshchuk, Volodymyr"]
[Result "0-1"]
[Board "34"]
[TimeControl "180+1"]
[WhiteFideId "4402782"]
[BlackFideId "14114038"]
[WhiteElo "2464"]
[BlackElo "2758"]
[WhiteTeam "COL"]
[BlackTeam "UKR"]
[WhiteClock "0:00:00"]
[BlackClock "0:00:22"]

1. d4 d6 2. e4 Nf6 3. Nc3 g6 4. Nf3 Bg7 5. Be2 O-O 6. O-O a6 7. a4 Nc6 8. a5 e5 9. d5 Ne7 10. Nd2 Ne8 11. Nc4 f5 12. f3 f4 13. b4 Bd7 14. Nd2 g5 15. Na4 h5 16. c4 Rf6 17. c5 Nc8 18. Nc4 Rg6 19. cxd6 Ncxd6 20. Bb2 Qe7 21. Nc5 Bc8 22. Qb3 g4 23. Ne6 Bxe6 24. dxe6 Qxe6 25. Qc2 Qe7 26. Nxd6 Nxd6 27. Rac1 Rc8 28. Qc5 Qg5 29. Rfd1 Kh7 30. fxg4 hxg4 31. Rd5 f3 32. Bf1 g3 33. h3 Re8 0-1

[Event "December 12 Late 2023"]
[Site "https://www.chess.com"]
[Date "2023.12.12"]
[Round "6"]
[White "Zou, Chen"]
[Black "Todev, Simeon"]
[Result "1-0"]
[Board "35"]
[TimeControl "180+1"]
[WhiteFideId "8610959"]
[BlackFideId "2925133"]
[WhiteElo "2758"]
[BlackElo "2365"]
[WhiteTeam "CHN"]
[BlackTeam "BUL"]
[WhiteClock "0:00:50"]
[BlackClock "0:00:07"]

1. g3 d5 2. Bg2 Nf6 3. Nf3 Nc6 4. O-O e5 5. d3 Bd6 6. Nbd2 h6 7. e4 dxe4 8. dxe4 Bg4 9. c3 O-O 10. Qc2 Qe7 11. Re1 Rad8 12. Nc4 Bc5 13. Ne3 Bxe3 14. Bxe3 b6 15. Nh4 Qd7 16. Nf5 Ne7 17. Nxe7+ Qxe7 18. h3 Bh5 19. f3 Rd7 20. h4 Rfd8 21. Kf2 Qe6 22. b3 c5 23. Kg1 Bg6 24. Rad1 Nd5 25. Bf2 Nc7 26. Kh2 Rxd1 27. Rxd1 Qe7 28. Bh3 f6 29. Kg2 Bf7 30. Rd2 Be6 31. Bf5 Bxf5 32. exf5 Nd5 33. Qd1 Qd7 34. Kg1 b5 35. c4 bxc4 36. bxc4 Qxf5 37. Rxd5 Rb8 38. Rd8+ Rxd8 39. Qxd8+ Kh7 40. Qd1 Qe6 41. Qd3+ f5 42. Bxc5 e4 43. fxe4 fxe4 44. Qe2 Qe5 45. Bf2 Kg6 46. c5 Qa1+ 47. Kg2 Qe5 48. Qe3 Kf7 49. c6 Ke6 50. Qxa7 Qd5 51. Qd7+ Qxd7 52. cxd7 Kxd7 53. Be3 Ke6 54. h5 Kd5 55. a4 Kc4 56. a5 Kb5 57. Bd4 1-0

[Event "December 12 Late 2023"]
[Site "https://www.chess.com"]
[Date "2023.12.12"]
[Round "6"]
[White "Aghasiyev, Kamal"]
[Black "Zhigalko, Sergei"]
[Result "0-1"]
[Board "36"]
[TimeControl "180+1"]
[WhiteFideId "13402854"]
[BlackFideId "13502956"]
[WhiteElo "2585"]
[BlackElo "2948"]
[WhiteTeam "AZE"]
[BlackTeam "BLR"]
[WhiteClock "0:00:01"]
[BlackClock "0:00:08"]

1. d4 Nf6 2. c4 e6 3. Nc3 Bb4 4. Bd2 O-O 5. Nf3 b6 6. Rc1 Bb7 7. e3 d6 8. a3 Bxc3 9. Bxc3 Ne4 10. Be2 Nd7 11. O-O f5 12. Qc2 Rf6 13. d5 Rg6 14. Rcd1 c5 15. dxe6 Nf8 16. Rd5 Nxe6 17. Rxf5 Nxc3 18. Qxc3 Be4 19. Rh5 Qe7 20. Bd3 Bxf3 21. Bxg6 hxg6 22. Rh3 Bc6 23. Rg3 g5 24. f3 Rf8 25. Qd3 Rd8 26. Rh3 Nf8 27. e4 Qe5 28. Qd2 Ne6 29. Rg3 Nf4 30. Rd1 Ba4 31. Rc1 Bd7 32. b3 Be6 33. Rd1 Kf7 34. Qe3 Kf6 35. Qd2 Rd7 36. Kh1 Rd8 37. Qe3 Rh8 38. Kg1 Qb2 39. Rd2 Qc1+ 40. Kf2 Rxh2 41. Rxd6 Qxe3+ 42. Kxe3 Nxg2+ 43. Kf2 Nf4+ 44. Kg1 Rb2 45. b4 Ne2+ 0-1

[Event "December 12 Late 2023"]
[Site "https://www.chess.com"]
[Date "2023.12.12"]
[Round "6"]
[White "Sivakumar, Shaaketh"]
[Black "Chigaev, Maksim"]
[Result "0-1"]
[Board "37"]
[TimeControl "180+1"]
[WhiteFideId "30940176"]
[BlackFideId "4108116"]
[WhiteElo "2583"]
[BlackElo "2890"]
[WhiteTeam "USA"]
[BlackTeam "ESP"]
[WhiteClock "0:01:40"]
[BlackClock "0:02:30"]

1. e4 c5 2. Nf3 g6 3. d4 cxd4 4. Qxd4 Nf6 5. c4 Nc6 6. Qe3 d6 7. h3 Bg7 8. Nc3 O-O 9. Be2 Qb6 10. Qxb6 axb6 11. Be3 Nd7 12. Kd2 Nc5 13. Bd3 Be6 14. b3 Nb4 15. Be2 Nxa2 16. Bxc5 Bxc3+ 17. Ke3 0-1

[Event "December 12 Late 2023"]
[Site "https://www.chess.com"]
[Date "2023.12.12"]
[Round "6"]
[White "Perea Fruet, Lorenzo"]
[Black "Popov, Konstantin"]
[Result "0-1"]
[Board "38"]
[TimeControl "180+1"]
[WhiteFideId "24595870"]
[BlackFideId "34137910"]
[WhiteElo "2576"]
[BlackElo "2859"]
[WhiteTeam "ESP"]
[BlackTeam "FID"]
[WhiteClock "0:01:01"]
[BlackClock "0:02:36"]

1. f4 d5 2. Nf3 Nc6 3. g3 h5 4. h3 Qd6 5. d3 Qg6 6. Rg1 Nf6 7. Nbd2 e5 8. Nxe5 Nxe5 9. fxe5 Bc5 10. e3 Bxe3 11. Rg2 Bxh3 12. Qe2 Bxg2 13. Qxe3 Ng4 14. Qc5 Bxf1 15. Qb5+ Qc6 16. Qxc6+ bxc6 17. Kxf1 Nxe5 18. Ke2 h4 19. gxh4 Rxh4 20. Nb3 Rh2+ 21. Ke3 Rxc2 22. Kd4 f6 0-1

[Event "December 12 Late 2023"]
[Site "https://www.chess.com"]
[Date "2023.12.12"]
[Round "6"]
[White "Hong, Andrew"]
[Black "Espinoza Villanueva, Rodrigo"]
[Result "1-0"]
[Board "39"]
[TimeControl "180+1"]
[WhiteFideId "2099438"]
[BlackFideId "5140188"]
[WhiteElo "2817"]
[BlackElo "2571"]
[WhiteTeam "USA"]
[BlackTeam "MEX"]
[WhiteClock "0:00:04"]
[BlackClock "0:00:00"]

1. e4 c5 2. Nf3 d6 3. c3 Nf6 4. Bd3 Nc6 5. h3 e5 6. O-O Be7 7. Bc2 Rg8 8. d4 Qc7 9. Na3 h6 10. Ba4 Bd7 11. Nc4 g5 12. dxe5 dxe5 13. Bxc6 Bxc6 14. Nfxe5 Bxe4 15. Re1 Bc6 16. Nxc6 Qxc6 17. Nd6+ Kf8 18. Nf5 Re8 19. Nxh6 Rg6 20. Nf5 Bd8 21. Rxe8+ Qxe8 22. Be3 b6 23. Qd6+ Be7 24. Qc7 Nh5 25. Rd1 Ng7 26. Nxe7 Qxe7 27. Rd7 Qe6 28. Qxa7 g4 29. h4 g3 30. Qa8+ Ne8 31. Qd5 gxf2+ 32. Bxf2 Qf6 33. h5 Rg5 34. Rxf7+ Qxf7 35. Qxg5 Qd7 36. Qh6+ Ng7 37. Qf6+ Kg8 38. h6 Qd1+ 39. Kh2 Qh5+ 40. Bh4 Ne8 41. Qe6+ Kh7 42. Kh3 c4 43. Qxc4 Nd6 44. Qe6 Nf7 45. Qf6 Nxh6 46. Qe7+ Nf7 47. Qe4+ Kh6 48. Qe6+ Kh7 49. Qg4 Qd5 50. Qf3 Qe6+ 51. Kh2 1-0

[Event "December 12 Late 2023"]
[Site "https://www.chess.com"]
[Date "2023.12.12"]
[Round "6"]
[White "Kadric, Denis"]
[Black "Filgueira, Hernan"]
[Result "1-0"]
[Board "40"]
[TimeControl "180+1"]
[WhiteFideId "14403803"]
[BlackFideId "101770"]
[WhiteElo "2797"]
[BlackElo "2567"]
[WhiteTeam "MNE"]
[BlackTeam "ARG"]
[WhiteClock "0:00:53"]
[BlackClock "0:00:10"]

1. e4 d5 2. exd5 Qxd5 3. Nf3 Bg4 4. Be2 Nc6 5. h3 Bxf3 6. Bxf3 Qe6+ 7. Qe2 Qxe2+ 8. Bxe2 Nd4 9. Bd1 e5 10. d3 f5 11. Nd2 Bd6 12. c3 Nc6 13. b4 a6 14. Bb3 Nf6 15. O-O g6 16. a4 Kf8 17. Bb2 Kg7 18. Nc4 Rhe8 19. b5 Ne7 20. Rfe1 Ned5 21. g3 h5 22. Na5 axb5 23. axb5 b6 24. Nc6 Rxa1 25. Bxa1 h4 26. Bxd5 Nxd5 27. c4 Nf6 28. Bxe5 Bxe5 29. Rxe5 Rxe5 30. Nxe5 hxg3 31. fxg3 Nh5 32. Kf2 Kf6 33. d4 g5 34. Kf3 Ke6 35. Nd3 Nf6 36. Nf2 Ne8 37. h4 gxh4 38. gxh4 Nd6 39. Kf4 Kf6 40. Nd1 Nxc4 41. Ne3 Na3 42. Nd5+ Ke6 43. Nxc7+ Kd6 44. h5 Kxc7 45. h6 Nxb5 46. h7 Nxd4 47. h8=Q 1-0

[Event "December 12 Late 2023"]
[Site "https://www.chess.com"]
[Date "2023.12.12"]
[Round "6"]
[White "Brodsky, David"]
[Black "Kashefi, Amir Hosein"]
[Result "1-0"]
[Board "41"]
[TimeControl "180+1"]
[WhiteFideId "2073250"]
[BlackFideId "12557935"]
[WhiteElo "2792"]
[BlackElo "2564"]
[WhiteTeam "USA"]
[BlackTeam "IRI"]
[WhiteClock "0:00:03"]
[BlackClock "0:00:00"]

1. d4 d5 2. Nf3 Nf6 3. Bf4 Bf5 4. e3 e6 5. c4 c6 6. Qb3 Qb6 7. c5 Qxb3 8. axb3 Nbd7 9. b4 Bxb1 10. Rxb1 a6 11. h3 Be7 12. Nd2 O-O 13. Nb3 Bd8 14. Ra1 Rc8 15. Be2 Bc7 16. Bxc7 Rxc7 17. Na5 e5 18. f3 Re8 19. Kd2 Nf8 20. Rhe1 Rce7 21. Bf1 exd4 22. exd4 Ne6 23. Kc3 Kf8 24. Bxa6 bxa6 25. Nxc6 Rb7 26. Rxa6 Rc8 27. Ne5 Re7 28. Rea1 Nc7 29. Rb6 Nd7 30. Nxd7+ Rxd7 31. b5 Re7 32. Rb7 Re3+ 33. Kd2 Rb3 34. Raa7 Ne6 35. Rxf7+ Kg8 36. Rfe7 Rxb2+ 37. Kc3 Re2 38. b6 Kh8 39. b7 Rg8 40. Ra8 Re3+ 41. Kd2 Rb3 42. Rxe6 Rxb7 43. Ree8 1-0

[Event "December 12 Late 2023"]
[Site "https://www.chess.com"]
[Date "2023.12.12"]
[Round "6"]
[White "Troff, Kayden"]
[Black "Keleberda, Tymur"]
[Result "1-0"]
[Board "42"]
[TimeControl "180+1"]
[WhiteFideId "2047896"]
[BlackFideId "14174294"]
[WhiteElo "2776"]
[BlackElo "2552"]
[WhiteTeam "USA"]
[BlackTeam "CAN"]
[WhiteClock "0:00:38"]
[BlackClock "0:00:01"]

1. d4 Nf6 2. Nf3 e6 3. Bf4 d5 4. e3 Bd6 5. Ne5 O-O 6. Bd3 c5 7. c3 b6 8. Nd2 Ba6 9. Bc2 Qc7 10. Bg3 Nc6 11. f4 cxd4 12. exd4 Nd7 13. Rc1 Rac8 14. Qh5 g6 15. Qh6 Ndxe5 16. fxe5 Be7 17. h4 f5 18. h5 g5 19. Qxe6+ Kh8 20. Qxd5 Rcd8 21. Qf3 f4 22. Qe4 Ba3 23. bxa3 fxg3 24. Nf3 h6 25. Qg6 Na5 26. Qxh6+ Kg8 27. Qe6+ Kh8 28. Be4 Rf4 29. Qh6+ Kg8 30. Qxg5+ Qg7 31. Qxf4 Nc4 32. h6 Qd7 33. h7+ Kh8 34. Qf6+ Qg7 35. Qxd8+ 1-0

[Event "December 12 Late 2023"]
[Site "https://www.chess.com"]
[Date "2023.12.12"]
[Round "6"]
[White "Play, Gilles"]
[Black "Matinian, Nikita"]
[Result "0-1"]
[Board "43"]
[TimeControl "180+1"]
[WhiteFideId "45130892"]
[BlackFideId "24129100"]
[WhiteElo "2565"]
[BlackElo "2769"]
[WhiteTeam "FRA"]
[BlackTeam "FID"]
[WhiteClock "0:00:00"]
[BlackClock "0:00:03"]

1. e4 c5 2. c3 d5 3. exd5 Qxd5 4. d4 Nf6 5. Nf3 e6 6. Na3 a6 7. Nc4 Nbd7 8. Be2 b5 9. Nce5 Bb7 10. Be3 Be7 11. c4 bxc4 12. Bxc4 Qe4 13. Nxf7 cxd4 14. N7g5 Qg4 15. Bxe6 Qxg2 16. Rg1 Qxg1+ 17. Nxg1 dxe3 18. Qa4 exf2+ 19. Kxf2 h6 20. N5f3 Rf8 21. Rd1 Rd8 22. Qc2 Ne4+ 23. Ke2 Ndc5 24. Rxd8+ Bxd8 25. Bh3 a5 26. Ke1 Ba6 27. Qg2 g5 28. Kd1 Rf6 29. Nd2 Rd6 30. Nf3 a4 31. Kc1 Nd3+ 32. Kb1 Rc6 33. a3 Rc1+ 34. Ka2 Bb7 35. Qe2 Bd5+ 36. b3 axb3+ 37. Nxb3 Rc3 38. Nd2 Rc2+ 39. Kb1 Rb2+ 40. Ka1 Bf6 41. Nxe4 Rxe2+ 42. Nxf6+ Kd8 43. Nxd5 Rxh2 44. Bf5 Nf4 45. Nxf4 gxf4 46. Nd4 h5 47. Ne6+ Ke7 48. Nxf4 h4 49. Be4 Rf2 50. Ng6+ Kd6 51. Nxh4 Rf4 52. Nf5+ Ke5 53. Bb1 Rf2 54. Ne3 Kd4 55. Nc2+ Kc3 56. a4 Kb3 57. a5 Rf4 58. Ba2+ Kxc2 0-1

[Event "December 12 Late 2023"]
[Site "https://www.chess.com"]
[Date "2023.12.12"]
[Round "6"]
[White "Silva, Kaua Marques"]
[Black "Korchmar, Vasiliy"]
[Result "0-1"]
[Board "44"]
[TimeControl "180+1"]
[WhiteFideId "22701168"]
[BlackFideId "24131750"]
[WhiteElo "2548"]
[BlackElo "2757"]
[WhiteTeam "BRA"]
[BlackTeam "RUS"]
[WhiteClock "0:00:00"]
[BlackClock "0:00:13"]

1. e4 c5 2. Nf3 d6 3. c3 Nf6 4. Be2 g6 5. O-O Bg7 6. Bb5+ Bd7 7. Bxd7+ Nbxd7 8. Re1 e5 9. d3 O-O 10. a4 Nb8 11. Na3 Nc6 12. Nc4 h6 13. Nfd2 Rc8 14. Nf1 d5 15. exd5 Nxd5 16. Qb3 Qd7 17. a5 Rfd8 18. h4 Nc7 19. Be3 Ne6 20. Rad1 Qe7 21. h5 gxh5 22. Ng3 h4 23. Nf5 Qf6 24. Nxg7 Qxg7 25. Qxb7 h3 26. g3 Qg4 27. Kh2 Qf3 28. Rg1 Ncd4 29. Qe7 Rc7 30. Qh4 Qxd1 31. Rxd1 Nf3+ 32. Kxh3 Nxh4 33. Kxh4 e4 34. d4 cxd4 0-1

[Event "December 12 Late 2023"]
[Site "https://www.chess.com"]
[Date "2023.12.12"]
[Round "6"]
[White "Roberson, Peter T"]
[Black "Atakhan, Abtin"]
[Result "1-0"]
[Board "45"]
[TimeControl "180+1"]
[WhiteFideId "412384"]
[BlackFideId "22502203"]
[WhiteElo "2548"]
[BlackElo "2748"]
[WhiteTeam "ENG"]
[BlackTeam "IRI"]
[WhiteClock "0:01:42"]
[BlackClock "0:01:14"]

1. Nc3 c5 2. e4 Nc6 3. Bb5 Nd4 4. Bc4 e6 5. Nge2 a6 6. d3 b5 7. Bb3 Nxb3 8. axb3 Bb7 9. O-O Nf6 10. Bg5 Qc7 11. f4 d6 12. Bxf6 gxf6 13. f5 Be7 14. Nf4 Qd7 15. Qh5 exf5 16. Nfd5 b4 17. Nb6 Qd8 18. Ncd5 fxe4 19. Rae1 Bxd5 20. Nxd5 Ra7 21. Rxe4 1-0

[Event "December 12 Late 2023"]
[Site "https://www.chess.com"]
[Date "2023.12.12"]
[Round "6"]
[White "Rastbod, Ali"]
[Black "Asish Panda"]
[Result "1-0"]
[Board "46"]
[TimeControl "180+1"]
[WhiteFideId "12567477"]
[BlackFideId "45012458"]
[WhiteElo "2739"]
[BlackElo "2542"]
[WhiteTeam "IRI"]
[BlackTeam "IND"]
[WhiteClock "0:00:18"]
[BlackClock "0:00:06"]

1. Nf3 d5 2. e3 Nf6 3. c4 e6 4. Nc3 c5 5. cxd5 exd5 6. Bb5+ Bd7 7. Bxd7+ Nbxd7 8. d4 cxd4 9. Nxd4 Be7 10. Nf5 O-O 11. Nxd5 Nxd5 12. Qxd5 Bb4+ 13. Bd2 Bxd2+ 14. Qxd2 g6 15. Nd4 Ne5 16. O-O Rc8 17. b3 Qf6 18. Rfd1 h5 19. h3 Rfd8 20. Qa5 a6 21. Rac1 Rxc1 22. Rxc1 Qg5 23. Qc7 Rd7 24. Qb8+ Kg7 25. f4 Qg3 26. Qxe5+ f6 27. Qe4 b5 28. Qf3 Qh4 29. Qf2 Qxf2+ 30. Kxf2 g5 31. f5 Rb7 32. b4 Kf7 33. Rc6 Ra7 34. Nb3 Rd7 35. Ke2 Rd5 36. e4 Re5 37. Kd3 Re7 38. Nc5 Re8 39. Rxa6 Rd8+ 40. Ke3 Rd1 41. Ra7+ Kg8 42. Ne6 Re1+ 43. Kd4 Re2 44. a4 bxa4 45. Rxa4 Rxg2 46. b5 Rh2 47. Rb4 Rd2+ 48. Ke3 Rd7 49. b6 Rb7 50. Nc5 Rb8 51. b7 g4 52. Nd7 gxh3 53. Nxb8 h2 54. Rb1 Kg7 55. Rh1 Kh6 56. Nc6 Kg5 57. b8=Q h4 58. Qf4+ Kh5 59. Rxh2 1-0

[Event "December 12 Late 2023"]
[Site "https://www.chess.com"]
[Date "2023.12.12"]
[Round "6"]
[White "Ferreira, Vitor Hugo Vieira"]
[Black "Pakleza, Zbigniew"]
[Result "0-1"]
[Board "47"]
[TimeControl "180+1"]
[WhiteFideId "2119765"]
[BlackFideId "1119290"]
[WhiteElo "2539"]
[BlackElo "2711"]
[WhiteTeam "BRA"]
[BlackTeam "POL"]
[WhiteClock "0:00:09"]
[BlackClock "0:00:51"]

1. c4 c6 2. g3 d5 3. Bg2 Nf6 4. Nf3 Bf5 5. cxd5 cxd5 6. Qb3 Qb6 7. Qxb6 axb6 8. Nc3 e6 9. O-O Nc6 10. d3 Bc5 11. b3 Ke7 12. Na4 Nd4 13. Nxd4 Bxd4 14. Bb2 Rxa4 15. bxa4 Bxb2 16. Rab1 Bd4 17. e3 Bc5 18. Rb3 Nd7 19. a5 Ra8 20. d4 Bd6 21. axb6 Rxa2 22. Rc1 Ra6 23. Bf1 Rxb6 24. Rbc3 g5 25. h3 h5 26. Rc8 g4 27. h4 Rb1 28. Rxb1 Bxb1 29. Rh8 Bg6 30. Be2 Nf8 31. f3 f5 32. fxg4 fxg4 33. Kf2 Kf7 34. Bxg4 hxg4 35. h5 Kg7 36. Rxf8 Bxf8 37. hxg6 Kxg6 0-1

[Event "December 12 Late 2023"]
[Site "https://www.chess.com"]
[Date "2023.12.12"]
[Round "6"]
[White "Rama, Tejas"]
[Black "Dyachuk, Artem"]
[Result "0-1"]
[Board "48"]
[TimeControl "180+1"]
[WhiteFideId "30907381"]
[BlackFideId "34107924"]
[WhiteElo "2533"]
[BlackElo "2700"]
[WhiteTeam "USA"]
[BlackTeam "UKR"]
[WhiteClock "0:00:03"]
[BlackClock "0:01:47"]

1. d4 d5 2. c4 c6 3. Nc3 Nf6 4. e3 e6 5. Nf3 Nbd7 6. Be2 dxc4 7. a4 b5 8. axb5 cxb5 9. Nxb5 Bb7 10. Bxc4 a6 11. Nc3 Bd6 12. O-O O-O 13. Qe2 Ng4 14. e4 Qc7 15. h3 Nh2 16. Nxh2 Bxh2+ 17. Kh1 Bd6 18. Be3 Bb4 19. Rac1 Qd6 20. Bd3 Qe7 21. Rfd1 Qh4 22. d5 Nf6 23. Bd4 Rfe8 24. Bxf6 Qxf6 25. e5 Qh4 26. Na2 Bxd5 27. Nxb4 Qxh3+ 0-1